[Event "Biel Festival Masters Blitz 2024"]
[White "Praggnanandhaa R"]
[Black "Mishra,Abhimanyu"]
[Site "Biel"]
[Round "7.1"]
[Annotator "TA"]
[Result "1-0"]
[Date "2024.07.21"]
[WhiteElo "2747"]
[BlackElo "2627"]
[PlyCount "93"]
[TimeControl "180+2"]

1. e4 e5 2. Nf3 Nc6 3. Bc4 Bc5 4. d3 Nf6 5. c3 O-O 6. O-O d6 7. Bb3 Bb6 8. Nbd2 a5 9. h3 h6 10. Re1 Re8 {[%emt 0:0:7] The position is equal.} 11. Nf1 Be6 12. Bc2 d5 13. exd5 Bxd5 14. Ng3 Qd7 15. Be3 Bxe3 16. Rxe3 Re7 (16... b5 $11 )17. Qe2 Rae8 18. Re1 (18. a3 $11 )g6 (18... Bxa2 $15 19. Qd1 Nd5 )19. Qd2 b5 {[%emt 0:0:14] Wards off Ba4} 20. Nh4 a4 21. R3e2 Kh7 22. b3 axb3 23. axb3 b4 24. c4 $40 {[%emt 0:0:12][%mdl 128] White is up to no good.} Nd4 (24... Be6 $5 )25. cxd5 Nxe2+ (25... Nxd5 $14 26. Rc1 Ra8 )26. Rxe2 $16 Nxd5 27. d4 $2 (27. Re4 $16 )Nf4 $2 (27... Nc3 $15 {stays ahead.} 28. Re4 Nxe4 29. Nxe4 Kg7 (29... Qxd4 30. Nf6+ Kg7 31. Nh5+ Kg8 32. Nf6+ Kg7 33. Nh5+ Kh7 34. Nf6+ Kg7 $11 ))28. Re4 $18 Qd5 29. Nf3 (29. Qxb4 $18 {is more deadly. And now dxe5 would win.} Qc6 30. Qc4 Qxc4 31. bxc4 )c5 (29... f5 $16 {was necessary.} 30. Rxe5 Nxh3+ 31. gxh3 Qxf3 32. Rxe7+ (32. Qxb4 Rxe5 33. dxe5 Rxe5 $11 )Rxe7 )30. dxe5 (30. Rxe5 Nxh3+ (30... Rxe5 31. Qxf4 R5e7 32. h4 $14 )31. Kf1 (31. gxh3 Rxe5 32. Nxe5 Rxe5 $11 )Rxe5 32. dxe5 Qxd2 33. Nxd2 Ng5 $16 )Qxd2 31. Nxd2 Ne6 32. Nc4 Nd4 33. Bd1 Ra8 34. Kh2 (34. Re1 $16 )Ra1 $11 35. Ne3 Rb1 36. f4 Nxb3 (36... Re8 $1 $11 {keeps the balance.} )37. Nd5 ({Better is} 37. Rc4 $16 )Ra7 (37... Rxd1 $15 38. Nxe7 Rd7 (38... Nd2 39. Re2 $11 ))38. Bxb3 $14 ({Don't do} 38. Bc2 $6 Rb2 39. Bxb3 Rxb3 $18 )Rxb3 39. Rc4 Rd3 $2 (39... Ra5 $14 )40. Nf6+ {[%emt 0:0:2] A dynamic duo of knights.} Kg7 {[%emt 0:0:2] [#] White must now prevent ...Rc3.} 41. Rxc5 Ra8 {[%emt 0:0:1] Prevents Rc8.} 42. Rb5 b3 $2 (42... Rda3 {keeps fighting.} 43. Rxb4 R3a4 )43. Nge4 $18 {[%emt 0:0:3] Rb7 is the strong threat.} h5 $2 (43... Rd1 44. Rxb3 Rda1 )44. Rb7 {[%emt 0:0:1] [#] White threatens Ng5 and mate.} h4 45. Ng5 {[%emt 0:0:1] White mates.} Rf8 46. Ne6+ Kh6 47. Nxf8 {[%emt 0:0:1] Weighted Error Value: White=0.35/Black=0.53.  Loses game:     	---       	Black=2      Missed win:     	White=1     	---        Mistake:       	White=4     	Black=8      Inaccurate:     	White=4     	Black=6      OK:         	White=13    	Black=12     Best:        	White=3     	Black=3} 1-0

[Event "Biel Festival Masters Blitz 2024"]
[White "Shankland,Sam"]
[Black "Martirosyan,Haik M."]
[Site "Biel"]
[Round "7.2"]
[Annotator "TA"]
[Result "0-1"]
[Date "2024.07.21"]
[WhiteElo "2683"]
[BlackElo "2662"]
[PlyCount "102"]
[TimeControl "180+2"]

1. d4 Nf6 2. c4 e6 3. Nc3 Bb4 4. Qc2 O-O 5. a3 Bxc3+ 6. Qxc3 h6 7. Nf3 {[%emt 0:0:4] E32: Nimzo-Indian: Classical (4 Qc2): 4...0-0.} b6 8. g3 Bb7 9. Bg2 a5 10. b3 d6 11. O-O Nbd7 12. Bb2 Qe7 13. Rac1 Rfe8 14. Rfe1 Be4 $146 ({Predecessor:} 14... Rac8 15. b4 Be4 16. Red1 axb4 17. axb4 b5 18. cxb5 Nb6 19. Bf1 Qd7 20. Nd2 Qxb5 {½-½ Latronico,N (2452)-De Oliveira,J (2574) W-ch29 q04 email 2009} )15. Bf1 e5 16. Nd2 Bh7 17. e4 exd4 18. Qxd4 Nc5 19. Bg2 Rad8 20. f4 Qf8 21. b4 axb4 22. axb4 Na4 23. Ba1 c5 24. Qf2 cxb4 25. Bxf6 gxf6 26. f5 Nc5 27. Qd4 Ra8 28. Rb1 Ra2 29. Re3 (29. Rxb4 Bxf5 30. Rxb6 Be6 $11 )(29. Red1 $16 )h5 (29... Ra4 $11 )30. Rxb4 $16 Qh6 (30... Qe7 $14 )31. Rxb6 (31. Nf1 $1 $16 Nd7 32. Rb5 (32. Qxd6 Bxf5 33. Qf4 Qxf4 $14 ))Bxf5 $1 $11 32. Rxd6 Ne6 33. Qc3 Bg6 34. Re1 h4 35. Qe3 Ng5 36. c5 h3 37. Bh1 $1 Rc2 38. c6 Ra8 (38... Re5 $11 )39. e5 $16 (39. Rxf6 Rxd2 (39... Raa2 40. Rd6 $14 )40. e5 (40. Qxd2 $2 Nf3+ 41. Rxf3 Qxd2 $19 )Kg7 $11 )Re8 {[%emt 0:0:11] [#]} 40. Qd4 (40. Rxf6 $6 Rxd2 41. c7 (41. Qxd2 $2 Nf3+ 42. Rxf3 Qxd2 $19 )Rc2 $11 )(40. e6 $1 $16 fxe6 (40... Rxe6 $2 41. Rxe6 fxe6 42. Nb3 $16 )41. Rd7 )fxe5 41. Qe3 (41. Rxe5 Ne6 42. Qe3 Rc1+ 43. Nf1 Qxe3+ 44. Rxe3 Rb8 $17 )Kg7 ({Black should try} 41... Kh7 $11 )42. Nf3 ({Better is} 42. Bd5 $14 )Nxf3+ $15 43. Bxf3 Qxe3+ 44. Rxe3 e4 45. Bg4 Rb8 46. Re1 $2 {[%emt 0:0:3][%mdl 8192] [#]} (46. Re2 $15 Rc1+ 47. Kf2 )Rg2+ $1 $19 47. Kf1 Rbb2 $2 (47... Rxh2 {( -> ...Rbb2)} 48. Bxh3 Rbb2 (48... Rxh3 $2 49. c7 $19 ))48. Be2 $2 (48. Re2 $19 Rbxe2 (48... Rxh2 49. Rxh2 Rxh2 50. c7 $11 )(48... Rb1+ $2 49. Re1 $19 )49. Bxe2 Rxh2 50. c7 Rh1+ 51. Kf2 )Rxh2 49. c7 Rc2 (49... Rh1+ $142 50. Kf2 Rxe1 51. Kxe1 h2 52. c8=Q h1=Q+ (52... h1=R+ 53. Bf1 $11 )53. Bf1 Rb1+ (53... Qf3 $2 54. Rxg6+ fxg6 55. Qd7+ Kh6 56. Qh3+ Qh5 57. Qxh5+ Kxh5 58. Bh3 $19 )54. Rd1 Rxd1+ 55. Kxd1 Qxf1+ 56. Kd2 Qf2+ 57. Kc3 e3 (57... Qxg3+ $2 58. Kb4 $19 )58. Qe8 e2 (58... Qxg3 {is a self mate.} 59. Kb2 Qg2+ 60. Ka3 Qe4 61. Qc8 Qd3+ 62. Ka2 e2 63. Qc1 Qc2+ 64. Qxc2 Bxc2 65. Kb2 Be4 66. Kc3 e1=Q+ 67. Kc4 Qc1+ 68. Kb4 Qc6 69. Kb3 Qc5 70. Kb2 Qb4+ 71. Kc1 Qc3+ 72. Kd1 Bf3# )59. Qe5+ Kh7 60. g4 e1=Q+ (60... e1=B+ 61. Qxe1 Qxe1+ 62. Kc4 Qe4+ 63. Kc5 Qxg4 64. Kd5 Qb4 65. Kc6 Be4+ 66. Kd7 Qc5 67. Kd8 Bf5 68. Ke8 Qd6 69. Kxf7 Bg6# )61. Qxe1 Qxe1+ 62. Kc4 Qe5 63. g5 Be4 (63... Qxg5 64. Kd4 Qb5 65. Kc3 Qc5+ 66. Kd2 Be4 67. Ke2 Qd4 68. Ke1 Qe3+ 69. Kf1 Qd2 70. Kg1 Qg2# )64. g6+ Kxg6 65. Kb4 Qd4+ (65... f5 {leads to mate.} 66. Kc4 Kg5 67. Kb4 Qd4+ 68. Kb5 f4 69. Ka5 Qc5+ 70. Ka6 Qb4 71. Ka7 Qb7# )66. Kb5 Kh6 (66... Qf2 67. Kc4 f5 68. Kc3 Qc5+ 69. Kd2 f4 70. Ke1 Qe3+ 71. Kd1 Qf2 72. Kc1 Qc2# )(66... f5 67. Ka5 Qc5+ 68. Ka6 Qb4 69. Ka7 Qb7# )67. Ka5 Qc5+ 68. Ka6 Qb4 69. Ka7 Qb7# )50. Rd7 Rh1+ 51. Kf2 Rxe1 0-1

[Event "Biel Festival Masters Blitz 2024"]
[White "Le,Quang Liem"]
[Black "Keymer,Vincent"]
[Site "Biel"]
[Round "7.3"]
[Annotator "TA"]
[Result "1-0"]
[Date "2024.07.21"]
[WhiteElo "2731"]
[BlackElo "2721"]
[PlyCount "65"]
[TimeControl "180+2"]

1. c4 Nf6 2. Nc3 e5 3. g3 Bb4 4. Bg2 O-O 5. Nf3 Re8 6. O-O e4 7. Ng5 Bxc3 8. dxc3 h6 9. Nh3 d6 10. Nf4 Nbd7 {[%emt 0:0:7] Black has an edge.} 11. Qc2 Nb6 12. b3 g5 {[%emt 0:0:1] [#]} (12... Qe7 $15 )13. Nd5 $1 $14 Nbxd5 (13... Nfxd5 14. cxd5 )14. cxd5 Bf5 15. c4 Qe7 16. Bb2 Nd7 $1 17. Rae1 $36 {[%emt 0:0:17][%mdl 2048] White has good play.} Bg6 18. Qc3 f6 ({Black should try} 18... Qe5 $14 )19. f4 e3 $2 (19... exf3 $16 20. exf3 Qh7 )20. Bh3 $18 {[%emt 0:0:12] aiming for Bxd7. This pair of bishops is nice.} Kh7 21. Be6 {[%emt 0:0:16] fxg5 would now be deadly.} gxf4 (21... Nc5 $142 22. f5 (22. Qxf6 Qxf6 23. Bxf6 gxf4 $14 )(22. Qxe3 gxf4 23. Rxf4 Nxe6 $16 )Bf7 23. Qxf6 Qxf6 24. Bxf6 Bxe6 )22. Rxf4 Nc5 23. Ref1 (23. Rxf6 Ne4 $11 )(23. Qxf6 Nxe6 24. dxe6 Qxf6 25. Rxf6 Re7 $16 )Nxe6 24. dxe6 f5 (24... Qxe6 $18 25. Rxf6 (25. Qxf6 Qxf6 26. Rxf6 a5 $14 )Qg8 )25. g4 $2 (25. Qxe3 Qxe6 26. Qd4 Qe3+ 27. R1f2 Qxd4 28. Rxd4 b6 $11 )(25. Rxf5 {mates} Bxf5 26. Rxf5 Rg8 27. Rf7+ (27. Qxe3 Raf8 $18 )Qxf7 28. exf7 Rg5 29. Qd3+ (29. Qxe3 Re5 $18 )Rg6 30. Qxe3 )Rg8 26. Kh1 ({Don't take} 26. Qxe3 Rae8 27. Kh1 (27. Qxa7 Qxe6 28. e4 Bh5 $16 )fxg4 )Raf8 27. gxf5 (27. Qxe3 $18 Be8 28. h3 (28. gxf5 $2 Bc6+ 29. R4f3 Rxf5 $19 )(28. Rxf5 $2 Rxf5 29. Rxf5 Rxg4 $19 )Bc6+ 29. Kg1 (29. Kh2 Rg6 $18 ))Bxf5 $4 {[%emt 0:0:4][%mdl 8192] [#]} 28. Rxf5 Rxf5 29. Rxf5 Qxe6 30. Qd3 Rg6 31. Qd5 (31. Rf8 $142 Qg8 32. Rxg8 Kxg8 33. Qxg6+ Kf8 34. Qg7+ (34. Qxh6+ Kf7 35. Qg7+ Ke6 36. Qf6+ Kd7 37. Qf7+ Kd8 38. Bf6+ Kc8 39. Qe8# )Ke8 35. Bf6 h5 36. Qe7# )Qxd5+ 32. cxd5 Kg8 33. Bd4 {[%emt 0:0:1] Weighted Error Value: White=0.69/Black=0.64.  Loses game:     	---       	Black=2      Missed win:     	White=1     	---        Mistake:       	White=1     	Black=4      Inaccurate:     	White=2     	Black=2      OK:         	White=6     	Black=4      Best:        	---       	Black=2      Strong:       	---       	Black=1      Brilliant:      	White=1     	---} 1-0

[Event "Biel Festival Masters Blitz 2024"]
[White "Mishra,Abhimanyu"]
[Black "Le,Quang Liem"]
[Site "Biel"]
[Round "8.1"]
[Annotator "TA"]
[Result "0-1"]
[Date "2024.07.21"]
[WhiteElo "2627"]
[BlackElo "2731"]
[PlyCount "86"]
[TimeControl "180+2"]

1. d4 Nf6 2. c4 e6 3. Nf3 d5 4. g3 Be7 5. Bg2 O-O 6. O-O dxc4 7. Qc2 a6 8. a4 Bd7 9. Qxc4 Bc6 10. Bg5 Nbd7 11. Nc3 h6 12. Bxf6 Nxf6 13. Rfd1 a5 14. Ne5 {[%emt 0:0:13] Die Stellung ist ausgeglichen.} Bxg2 15. Kxg2 c6 16. e3 Bd6 17. Qe2 Qe7 18. Nd3 Rfd8 19. Qf3 e5 20. dxe5 Bxe5 21. Nxe5 Qxe5 22. Rxd8+ Rxd8 23. Rd1 {[%emt 0:0:1] Gegen Rd2 gerichtet.} Rd6 24. Rxd6 Qxd6 $11 {[%emt 0:0:1][%mdl 4096] Endspiel. KQN-KQN} 25. Qf5 Qb4 26. Qc8+ Kh7 27. Qf5+ Kh8 28. Qc8+ Ng8 29. Qd7 Qxb2 30. Ne4 Qe5 (30... Qb4 $5 31. Nd6 $8 Nf6 32. Qc8+ Kh7 33. Qf5+ Kg8 34. Qc8+ Kh7 35. Qf5+ Kg8 36. Qc8+ Kh7 $11 )31. Nd6 Kh7 {[%emt 0:0:1] [#] ...Nf6 ist eine echte Drohung.} 32. Nxb7 ({Doch nicht} 32. Nxf7 Qe4+ 33. Kg1 Qb1+ 34. Kg2 Nf6 $17 )Qe4+ 33. Kg1 Qxa4 34. Qxf7 Qd1+ 35. Kg2 {[%emt 0:0:2] Und jetzt Qf5+ wäre schön.} a4 $1 36. Qf5+ (36. Nc5 $1 $11 )Kh8 $17 {[%emt 0:0:3] [#] ...a3 wäre nun fies.} 37. Qf8 (37. Na5 $17 )Qd5+ 38. Kg1 $2 (38. Qf3 $17 )Kh7 $2 (38... Qb3 $19 {bietet bessere Gewinnchancen.} 39. Nd6 a3 )39. Nd6 (39. Qb4 $17 Qb3 40. Qe4+ Kh8 41. Na5 )Nf6 $19 {[%emt 0:0:4] Schwarz steht klar auf Gewinn.} 40. e4 (40. Nb7 $142 )Qc5 {[%emt 0:0:14] Weiss muss nun ...a3 beachten.} 41. e5 Qxe5 {[%emt 0:0:2] Droht ...a3 und aus.} 42. Nf7 Qe8 43. Qxe8 Nxe8 {[%emt 0:0:1] Gewichteter Fehlerwert: Weiß=0.74/Schwarz=0.19 (sehr präzise) .  Verlustzug:     	Weiß=2     	---        Gewinn verpasst:   	---       	Schwarz=1     Fehler:       	Weiß=3     	---        Ungenau:       	Weiß=1     	---        OK:         	Weiß=13    	Schwarz=7     Bester:       	Weiß=1     	Schwarz=6     Stark:        	---       	Schwarz=1} 0-1

[Event "Biel Festival Masters Blitz 2024"]
[White "Keymer,Vincent"]
[Black "Shankland,Sam"]
[Site "Biel"]
[Round "8.2"]
[Annotator "TA"]
[Result "0-1"]
[Date "2024.07.21"]
[WhiteElo "2721"]
[BlackElo "2683"]
[PlyCount "84"]
[TimeControl "180+2"]

1. Nf3 Nf6 2. c4 g6 3. Nc3 Bg7 4. g3 O-O 5. Bg2 c5 6. d4 d5 7. dxc5 Qa5 8. O-O dxc4 9. Qd4 Nc6 $1 10. Qxc4 {[%emt 0:0:1] The position is equal.} Be6 11. Qh4 Qxc5 12. Bh6 Rfd8 ({Better is} 12... Qc4 $11 13. Qxc4 Bxc4 14. Bxg7 Kxg7 )13. Rfc1 $2 (13. Ng5 $14 {keeps the upper hand.} )Bxh6 $1 $17 14. Qxh6 {[%emt 0:0:13][%cal Oc3e4] [#]} Qxf2+ $3 15. Kxf2 Ng4+ 16. Ke1 Nxh6 {[%emt 0:0:1] Black is more active.} 17. Ng5 Bd7 18. Na4 Be8 19. Nc5 Rab8 20. b3 b6 21. Na6 Rbc8 22. Bh3 Nf5 23. e4 h6 (23... Ncd4 $1 $17 24. Rxc8 Rxc8 )24. Nf3 (24. exf5 $11 hxg5 25. fxg6 )Ncd4 $1 25. Nxd4 Rxc1+ 26. Rxc1 Nxd4 27. Rc7 Kf8 28. Nb4 Nb5 29. Rb7 (29. Rc4 $17 )e6 30. Bf1 Nc3 $1 31. Rxa7 Rd1+ ({Resist} 31... Nxe4 32. Nd3 $17 )32. Kf2 Nxe4+ 33. Ke2 (33. Kg2 $17 )Nc3+ 34. Kf2 Ne4+ (34... h5 $142 35. Kg2 Rd2+ 36. Kg1 Bb5 )35. Ke2 $1 $19 {[%emt 0:0:1] [#]} Ra1 (35... Rb1 $1 $19 36. Nc2 Nc3+ 37. Kd2 Nxa2 )36. Bg2 $17 Bb5+ 37. Ke3 {[%emt 0:0:7] [#]} Re1+ $1 38. Kd4 Nc5 {[%emt 0:0:3] ...e5+ is the strong threat.} 39. Ra8+ (39. Kc3 $17 {was called for.} )Kg7 $19 {[%emt 0:0:1] aiming for ...e5+.} 40. Rb8 $2 (40. Bc6 e5+ 41. Kd5 Rd1+ 42. Kxe5 f6+ 43. Kf4 Rd4+ 44. Ke3 Rxb4 45. Ra7+ Kf8 46. Bd5 )Nd7 $2 (40... e5+ 41. Kc3 Re3+ 42. Kb2 Re2+ 43. Kc1 Rxg2 )41. Rb7 $2 (41. Rc8 )e5+ 42. Kd5 Rd1+ {[%emt 0:0:1] Weighted Error Value: White=0.52/Black=0.33.  Mistake:       	White=7     	Black=5      Inaccurate:     	---       	Black=1      OK:         	White=14    	Black=13     Best:        	White=2     	Black=3      Strong:       	White=1     	Black=4} 0-1

[Event "Biel Festival Masters Blitz 2024"]
[White "Martirosyan,Haik M."]
[Black "Praggnanandhaa R"]
[Site "Biel"]
[Round "8.3"]
[Annotator "TA"]
[Result "1-0"]
[Date "2024.07.21"]
[WhiteElo "2662"]
[BlackElo "2747"]
[PlyCount "65"]
[TimeControl "180+2"]

1. d4 Nf6 2. c4 e6 3. Nf3 Nc6 4. g3 Bb4+ 5. Bd2 Bxd2+ 6. Qxd2 Qe7 7. Nc3 d5 8. Bg2 {[%emt 0:0:3] The position is equal.} dxc4 9. Ne5 Nxe5 10. dxe5 Nd7 11. f4 {[%emt 0:0:12][%mdl 1024] White has compensation.} O-O 12. O-O Rb8 13. Rfd1 b5 14. a4 {[%emt 0:0:3] [#]} (14. Qd4 $11 {keeps the balance.} )a6 ({Black should try} 14... Nc5 $1 $17 {[%cal Rc5b3] Strongly threatening ...Nb3.} 15. Qd4 (15. Nxb5 $2 Nb3 $19 )b4 )15. axb5 $11 axb5 16. Ra7 Nc5 $1 17. Qe3 b4 18. Ne4 Nxe4 (18... Nb3 $1 $11 )19. Bxe4 $14 Rb5 (19... f5 $14 20. exf6 gxf6 )20. Rc1 $36 {[%emt 0:0:16][%mdl 2048] White has strong initiative. White is much more active.} c3 {[%emt 0:0:36] [#]} 21. bxc3 (21. Bxh7+ $1 $18 Kh8 (21... Kxh7 $2 22. Qd3+ Kg8 23. Qxb5 $18 )22. Bd3 (22. bxc3 g6 $11 ))b3 (21... Rc5 $16 )22. c4 (22. Bxh7+ $1 $18 {is the precise move to win.} Kh8 23. Bd3 )Rb8 23. Rb1 Qb4 $1 24. Rxc7 Ba6 25. Bd3 b2 26. f5 (26. Qc5 $16 )exf5 $1 $11 27. e6 Qc3 $2 (27... Qd6 $11 {and Black has nothing to worry.} 28. Rd7 (28. exf7+ Rxf7 29. Rxf7 Kxf7 $11 )Qxe6 29. Qxe6 fxe6 )28. Rxf7 (28. exf7+ $142 Kh8 29. Rc6 )Rxf7 $2 (28... Bxc4 $2 {too greedy.} 29. Rxf8+ (29. Rxf5 $2 {loses.} Rxf5 30. e7 Bf7 $19 )Rxf8 30. Qc5 $18 )(28... Rfc8 )29. exf7+ $18 {[%emt 0:0:0] White is clearly winning.} Kxf7 30. Qa7+ Rb7 31. Qxa6 Qd4+ 32. Kg2 Ra7 33. Qb5 {[%emt 0:0:3] Weighted Error Value: White=0.42/Black=0.68.  Loses game:     	---       	Black=1      Mistake:       	White=5     	Black=6      Inaccurate:     	White=1     	Black=1      OK:         	White=7     	Black=8      Best:        	White=1     	---        Strong:       	---       	Black=3} 1-0

[Event "Biel Festival Masters Blitz 2024"]
[White "Martirosyan,Haik M."]
[Black "Mishra,Abhimanyu"]
[Site "Biel"]
[Round "9.1"]
[Annotator "TA"]
[Result "1/2-1/2"]
[Date "2024.07.21"]
[WhiteElo "2662"]
[BlackElo "2627"]
[PlyCount "121"]
[TimeControl "180+2"]

1. d4 d5 2. c4 c6 3. Nf3 Nf6 4. Nc3 e6 5. Bg5 dxc4 6. e4 b5 7. e5 h6 8. Bh4 g5 9. Nxg5 hxg5 10. Bxg5 Be7 11. exf6 Bxf6 12. Be3 Bb7 {[%emt 0:0:16] D44: Semi-Slav: Botvinnik System.} 13. Qf3 Nd7 14. O-O-O Be7 $146 ({Predecessor:} 14... Qa5 15. Ne4 Be7 16. Kb1 Rh7 17. Bg5 f5 18. Bxe7 fxe4 19. Qa3 Qxa3 20. Bxa3 Rf7 {½-½ Frey Beckman,K (2700)-Pinkovetsky,S (2654) Champion's League 0406/A2 bd01 email 2004} )15. h4 Qa5 16. Kb1 Rd8 17. h5 b4 18. Ne4 b3 19. a3 c3 20. Nxc3 Bxa3 21. Bc4 Bb4 22. Bxb3 Bxc3 23. bxc3 c5 24. Qxb7 Rb8 (24... Qxc3 $2 25. dxc5 O-O 26. Bd4 (26. Rxd7 Rxd7 27. Qb5 Rd3 $18 )Nxc5 27. Bxc3 $18 )25. Qxb8+ Nxb8 26. dxc5 (26. Kc2 $1 $11 {keeps the balance.} )Qxc3 $17 27. Ba4+ Ke7 28. Rh4 $2 (28. Bd4 $17 {is more resistant.} Qb4+ 29. Bb2 )Nc6 $1 $19 (28... Rc8 29. Rc1 Qd3+ 30. Ka2 $11 )29. Ka2 Rb8 $1 (29... Nb4+ 30. Rxb4 Qxb4 31. Rd4 $17 )30. Rb1 Nb4+ 31. Rhxb4 Rxb4 32. Rxb4 Qxb4 33. Bb3 a5 34. h6 a4 35. Bd1 Qc4+ 36. Kb2 Qb4+ 37. Ka2 f5 $2 (37... Kf8 $19 {has better winning chances.} 38. c6 Qc4+ 39. Ka3 Qxc6 (39... Qd3+ $2 40. Kxa4 Qxd1+ 41. Ka5 $19 ))38. h7 $17 Qc4+ $1 39. Ka3 Qc3+ $1 40. Kxa4 {[%emt 0:0:1] [#]} Qh8 (40... f4 $1 $17 41. Bxf4 Qc4+ 42. Ka3 (42. Ka5 Qxc5+ 43. Ka4 Qd4+ 44. Ka5 Kf7 $17 )Qxc5+ 43. Ka2 Qxf2+ 44. Kb1 Qb6+ (44... Qxf4 45. h8=Q $14 )45. Ka2 Qa5+ 46. Kb2 Qb6+ (46... Qb5+ 47. Ka1 $17 )47. Ka2 Qd4 )41. c6 $1 $11 Kd6 42. Bf3 $1 Qxh7 (42... e5 $5 43. Kb5 $8 Qxh7 44. Bc5+ Kc7 45. Bb6+ Kc8 $11 )43. Kb5 (43. Bb6 $1 $11 )e5 (43... Qg8 $17 {Hoping for ...e5.} 44. Bb6 e5 )44. Bc5+ $11 Ke6 $2 {[%emt 0:0:1] [#]} (44... Kc7 $11 {and Black is okay.} 45. Bb6+ Kc8 )45. Be2 $2 ({Only move:} 45. Kb6 $1 $18 {Threatening mate with c7.} e4 46. Bd1 )Qh1 $2 (45... Qc7 $11 )46. Bc4+ Kf6 47. c7 Qb1+ 48. Kc6 Qe4+ 49. Kb6 Qxc4 50. c8=Q (50. c8=R $2 {loses.} Qb3+ 51. Kc7 Qd5 52. Rf8+ Kg6 $19 )Qb3+ 51. Kc7 Kg5 52. Qd8+ Kg4 53. Qd2 f4 54. f3+ Kg3 55. Qf2+ Kh2 56. g4+ (56. Qg1+ $142 Kg3 57. Bf2# )Kh3 $18 57. Kd6 $2 (57. Qf1+ $18 Kh4 58. Qe1+ Kh3 59. Qxe5 Qf7+ 60. Kc6 Qg6+ 61. Bd6 Qc2+ 62. Kd7 )Qf7 $2 (57... Qd3+ $14 58. Ke6 (58. Kxe5 Qd6+ 59. Kf5 Qf8+ 60. Kg6 Qf5+ 61. Kg7 Qf8+ 62. Kxf8 $11 )Qg6+ 59. Kd7 (59. Kxe5 Qf5+ 60. Kd6 Qd7+ 61. Ke5 Qf5+ 62. Kd6 Qd7+ 63. Ke5 Qf5+ $11 )e4 60. Qf1+ Kg3 61. fxe4 (61. Qf2+ Kh3 $16 )Qxe4 )58. Qf1+ ({And not} 58. Kxe5 Qf5+ 59. Kd6 Qd7+ 60. Ke5 Qf5+ 61. Kd6 Qd7+ 62. Ke5 Qf5+ $11 )Kg3 59. Qf2+ Kh3 60. Kxe5 $2 (60. Qc2 $18 Qf6+ 61. Kd5 )Qd5+ $11 61. Kxd5 1/2-1/2

[Event "Biel Festival Masters Blitz 2024"]
[White "Praggnanandhaa R"]
[Black "Keymer,Vincent"]
[Site "Biel"]
[Round "9.2"]
[Annotator "TA"]
[Result "1-0"]
[Date "2024.07.21"]
[WhiteElo "2747"]
[BlackElo "2721"]
[PlyCount "57"]
[TimeControl "180+2"]

1. d4 Nf6 2. Bg5 d5 3. e3 c5 4. Bxf6 gxf6 5. dxc5 e6 6. Nf3 Nc6 7. Be2 Bxc5 8. O-O {[%emt 0:0:2] The position is equal.} Be7 9. c4 dxc4 10. Qa4 O-O 11. Qxc4 f5 12. Nc3 Bf6 13. Rac1 Bd7 14. Qf4 Qe7 15. e4 Bxc3 16. Rxc3 {[%emt 0:0:6] Black should prevent Rd1.} e5 17. Qh6 {[%emt 0:0:32] aiming for Rd1.} (17. Qg3+ {simplifies} Kh8 18. exf5 Bxf5 19. Bb5 )fxe4 18. Ng5 f6 $1 19. Nxe4 Nd4 20. Bd3 $36 {[%emt 0:0:7][%mdl 2048] Black is under pressure.} Bc6 {[%emt 0:0:49] ...Bxe4 would now be deadly.} 21. Ng3 f5 22. Nh5 (22. Ne2 $11 {keeps the balance.} )Kh8 $17 23. Bc4 (23. Re1 $17 )b5 $4 {[%emt 0:0:16][%mdl 8192] [#]} (23... f4 $19 24. Re1 Rad8 )24. Rg3 $1 $18 Rg8 {[%emt 0:0:31] Dodges Rg7} 25. Rxg8+ Rxg8 26. Bxg8 Kxg8 27. Re1 Qf7 28. Rxe5 {[%emt 0:0:4] Qg5+ would kill now.} Qc4 29. Qg7# {[%emt 0:0:1] Weighted Error Value: White=0.27 (precise) /Black=0.56.  Missed win:     	---       	Black=1      Mistake:       	White=2     	---        Inaccurate:     	White=2     	Black=1      OK:         	White=6     	Black=9      Best:        	---       	Black=1      Strong:       	White=1     	Black=1} 1-0

[Event "Biel Festival Masters Blitz 2024"]
[White "Shankland,Sam"]
[Black "Le,Quang Liem"]
[Site "Biel"]
[Round "9.3"]
[Annotator "TA"]
[Result "1/2-1/2"]
[Date "2024.07.21"]
[WhiteElo "2683"]
[BlackElo "2731"]
[PlyCount "73"]
[TimeControl "180+2"]

1. d4 Nf6 2. c4 e6 3. Nc3 d5 4. Bg5 dxc4 5. e3 c5 6. Bxf6 Qxf6 7. d5 g6 8. Bxc4 {[%emt 0:0:3] Mit der Idee Qa4+.} Bg7 9. Qa4+ Nd7 10. dxe6 fxe6 11. Nf3 {[%emt 0:0:5] [#] Rd1 ist eine echte Drohung.} O-O 12. O-O Nb6 13. Qb5 Qe7 14. Bb3 Bd7 15. Qe2 Bc6 16. Rfd1 {[%emt 0:0:4] Verhindert Nd5} (16. Nd2 $11 )Rad8 (16... c4 $17 {Droht stark ...Rxf3.} 17. Bc2 Bxf3 18. gxf3 Qg5+ 19. Kh1 Qh5 )17. Rxd8 $11 Rxd8 18. Rd1 Rxd1+ 19. Qxd1 c4 20. Bc2 Nd5 21. Nxd5 Bxd5 {[%emt 0:0:1] Das Läuferpaar ist gut.} 22. b3 c3 23. Qd3 (23. e4 $5 Bc6 $8 24. h4 $11 )Bf6 (23... Qa3 $15 )24. e4 Bc6 25. e5 Bg7 26. Qxc3 Bxf3 {[%emt 0:0:2] Die Stellung ist ausgeglichen.} 27. Qxf3 Bxe5 {[%emt 0:0:3][%mdl 4096] Endspiel. KQB-KQB} 28. g3 Bd4 29. Kg2 Qf7 30. Qe2 e5 31. h4 Kg7 32. Be4 b6 33. Qd2 Qf6 34. Qc2 Bc5 35. Qd2 a5 36. f3 Qd6 37. Qxd6 {[%emt 0:0:25] Gewichteter Fehlerwert: Weiß=0.10 (sehr präzise) /Schwarz=0.09 (makellos) .  Fehler:       	Weiß=1     	Schwarz=2     Ungenau:       	Weiß=2     	---        OK:         	Weiß=14    	Schwarz=14    Bester:       	---       	Schwarz=1} 1/2-1/2